 Dungeon Crawl Stone Soup version 0.31-a0-675-g238779eb0a (webtiles) character file.

Game seed: 554363211734583151

104 qw the Shooter (level 4, -1/28 HPs)
             Began as a Gargoyle Hunter on Sept 5, 2023.
             Killed by divine providence
             ... invoked by an orc priest
              (12 damage)
             ... on level 3 of the Dungeon.
             The game lasted 00:00:40 (1697 turns).

qw the Shooter (Gargoyle Hunter)                    Turns: 1697, Time: 00:00:40

Health: -1/28      AC:  8    Str: 14    XL:     4   Next: 80%
Magic:  4/4        EV: 10    Int: 10    God:
Gold:   143        SH:  0    Dex: 15    Spells: 3/3 levels left

rFire   . . .        Y - +0 shortbow
rCold   . . .        (shield currently unavailable)
rNeg    + . .        g - +0 ring mail
rPois   inf          (no helmet)
rElec   +            (no cloak)
rCorr   .            (no gloves)
SInv    .            (no boots)
Will    .....        (no amulet)
Stlth   +            (no ring)
HPRegen 0.24/turn    (no ring)
MPRegen 0.09/turn

%: no passive effects
@: no status effects
A: sickness immunity, AC +3, negative energy resistance 1, electricity
resistance, torment resistance 1, petrification resistance
a: no special abilities


You were on level 3 of the Dungeon.
You visited 1 branch of the dungeon, and saw 3 of its levels.

You collected 143 gold pieces.


Innate Abilities, Weirdness & Mutations

You are immune to sickness and miasma.
Your stone body is resilient. (AC +3)
You are immune to poison.
You resist negative energy. (rN+)
You are resistant to electric shocks. (rElec)
You are resistant to unholy torment.
You are immune to petrification.


   Skills:
 - Level 3.1 Fighting
 + Level 5.4 Ranged Weapons
 - Level 1.0 Armour
 - Level 1.5 Dodging
 - Level 1.1 Stealth


You had 3 spell levels left.
You didn't know any spells.
Your spell library was empty.

Inventory:

Hand Weapons
 Y - a +0 shortbow (weapon)
Armour
 g - a +0 ring mail (worn)
Jewellery
 c - a ring of ice
Scrolls
 a - a scroll of identify
 e - a scroll of revelation {unknown}
Potions
 b - a potion of enlightenment {unknown}
 d - a potion of mutation {unknown}
 f - a potion of attraction {unknown}
 h - a potion of curing {unknown}

Dungeon Overview and Level Annotations

Branches:
Dungeon (3/15)

Altars:

Shops:
D:3 [

Annotations:
D:3 1 runed translucent door, qw's ghost, amateur GrHu


Message History

Beogh smites you!
You shoot an arrow. The arrow barely misses the orc priest.
The arrow hits the orc priest but does no damage.
The orc priest calls down the wrath of Beogh upon you.
You barely resist. You shoot an arrow.
The arrow hits the orc priest but does no damage.
The orc priest hits you with a +0 whip.
The orc priest hits you but does no damage.
You shoot an arrow.
The arrow hits the orc priest but does no damage.
The orc priest looks satisfied for a moment.
You shoot an arrow. The arrow barely misses the orc priest.
The arrow hits the orc priest.
The orc priest is moderately wounded.
The orc priest hits you but does no damage.
You shoot an arrow.
The arrow hits the orc priest but does no damage.
The orc priest misses you.
You shoot an arrow. The arrow hits the orc priest.
The orc priest is lightly wounded.
The orc priest hits you with a +0 whip.
The orc priest hits you but does no damage.
You shoot an arrow.
The arrow hits the orc priest but does no damage.
The orc priest is lightly wounded.
The orc priest hits you but does no damage.
You shoot an arrow.
The arrow hits the orc priest but does no damage.
The orc priest is lightly wounded.
The orc priest hits you but does no damage.
You shoot an arrow. The arrow hits the orc priest.
The orc priest is heavily wounded.
The orc priest mumbles some strange prayers to Beogh against you.
Pain shoots through your body!
You shoot an arrow. The arrow hits the orc priest.
The orc priest is severely wounded.
The orc priest mumbles some strange prayers to Beogh against you.
Beogh smites you!
You die...

#...####..#..##.# .#
##.#....
#...#.....)..##.# .#
###....
#...#.#...#.....##.####
#....
##...#..#.#......#......
#....
.........\....##........
#....
........#.#...##......?.
#....
.......#...#....o.......
#....
##...#.......###o#..
#....
#...###.#.#####@#.#
#.... #...#
#.........#.#### #####
#...#
########.......#########
# #...# #.##.##.#... ..#
# #)##....#.# #.# #
#.##.)....#####.### #
#.....%.#.##....... .
####.##.#.##.##.###
#.##......##.#


You could see 2 orc priests.

Vanquished Creatures
  Terence (D:2)
  3 adders
  2 dart slugs
  3 orcs (D:3)
  4 ball pythons
  3 bats
  3 endoplasms
  3 giant cockroaches
  3 goblins
  5 hobgoblins
  2 kobolds
  2 quokkas
  3 frilled lizards
  6 rats
43 creatures vanquished.

Notes
Turn   | Place    | Note
-------+----------+-------------------------------------------
     0 | D:1      | qw the Gargoyle Hunter began the quest for the Orb.
     0 | D:1      | Reached XP level 1. HP: 12/12 MP: 1/1
     0 | D:1      | 0 ||| qw: Version: 0.3-a-75-g829b12e
     0 | D:1      | 0 ||| qw: Game counter: 200
     0 | D:1      | 0 ||| qw: Melee chars always use a shield: true
     0 | D:1      | 0 ||| qw: God list: Okawaru
     0 | D:1      | 0 ||| qw: Allow faded altars: false
     0 | D:1      | 0 ||| qw: Do Orc after clearing Dungeon:15 true
     0 | D:1      | 0 ||| qw: Do second Lair branch before Depths: true
     0 | D:1      | 0 ||| qw: Lair rune preference: random
     0 | D:1      | 0 ||| qw: Goals: Normal
     0 | D:1      | 0 ||| PLANNING D:1-11
   122 | D:1      | Reached XP level 2. HP: 17/17 MP: 2/2
   293 | D:1      | 293 ||| UPGRADING to +0 ring mail.
   305 | D:1      | 305 ||| DROPPING +0 leather armour.
   474 | D:1      | Reached skill level 1 in Armour
   723 | D:1      | 723 ||| READING 2 scrolls labelled ATAUZINUNT.
   724 | D:1      | 724 ||| READING scroll labelled JAFRYO JIEMERO.
   725 | D:1      | 725 ||| READING scroll labelled LOWNILA FEFRUEN.
   726 | D:1      | 726 ||| DRINKING 2 murky dark potions.
   727 | D:1      | 727 ||| DROPPING scroll of blinking.
   728 | D:1      | 728 ||| DROPPING scroll of butterflies.
   729 | D:1      | 729 ||| DROPPING potion of brilliance.
   772 | D:2      | 772 ||| RETREATING.
   773 | D:2      | Noticed Terence
   774 | D:2      | 774 ||| Stepping ~*~*~tactically~*~*~ (retreating).
   775 | D:2      | 775 ||| Stepping ~*~*~tactically~*~*~ (retreating).
   776 | D:2      | 776 ||| Stepping ~*~*~tactically~*~*~ (retreating).
   777 | D:2      | 777 ||| Stepping ~*~*~tactically~*~*~ (retreating).
   780 | D:2      | Reached XP level 3. HP: 19/21 MP: 3/3
   807 | D:2      | Killed Terence
   808 | D:2      | Reached skill level 5 in Ranged Weapons
   808 | D:2      | Reached XP level 4. HP: 9/26 MP: 4/4
   985 | D:2      | 985 ||| DROPPING +1 sling of freezing.
  1083 | D:2      | Identified the +5 dagger of Massacring {antimagic, +Blink
                  | rPois}
  1515 | D:2      | 1515 ||| READING 2 scrolls labelled CIATWU URAY.
  1516 | D:2      | 1516 ||| READING scroll labelled COENOU DAPOOKO.
  1525 | D:3      | 1525 ||| PLANNING SEWER
  1564 | D:3      | Found Xedaam's Antique Armour Shoppe.
  1579 | D:3      | 1579 ||| SHOPLISTING pair of glowing gloves (202 gold, have
                  | 129).
  1579 | D:3      | 1579 ||| SHOPLISTING pair of runed boots (202 gold, have
                  | 129).
  1579 | D:3      | 1579 ||| SHOPLISTING runed leather armour (135 gold, have
                  | 129).
  1587 | D:3      | Found a runed translucent door.
  1587 | D:3      | Noticed qw's ghost (amateur GrHu)
  1623 | D:3      | Reached skill level 3 in Fighting
  1681 | D:3      | 1681 ||| RETREATING.
  1685 | D:3      | 1685 ||| Stepping ~*~*~tactically~*~*~ (retreating).
  1697 | D:3      | Killed from afar by an orc priest

Levels and vault maps discovered:
D:1:      kennysheep_arrival_forest, layout_basic, serial_bayou_lagoon_a,
          st_stairs_6
D:2:      layout_loops_ring, kennysheep_decorative_pillar, uniq_terence
D:3:      layout_loops_cross, gup_sewer_entry_spiral, serial_shops,
          nicolae_shop_advertising_works [nicolae_subvault_shop_adworks],
          hellmonk_ghost_happy_afterlife, uniq_natasha

Skill      XL: |  1  2  3  4 |
---------------+-------------+-----
Armour         | 1 |  1.0
Ranged Weapons | 5 |  5.4
Fighting       | 3 |  3.1
Dodging        | |  1.5
Stealth        | |  1.1

Action                     |  1- 3 |  4- 6 || total
---------------------------+-------+-------++-------
   Fire: Shortbow          |    63 |    75 ||   138
    Use: Scroll            |     3 |     2 ||     5
         Potion            |     1 |       ||     1
 Armour: Leather armour    |     5 |       ||     5
         Ring mail         |    21 |    19 ||    40
         Skin              |     2 |       ||     2
  Dodge: Dodged            |    31 |    15 ||    46

Table legend:
 A = Non-vault XP
 B = Vault XP
 C = Vault XP percentage of total XP
 D = Non-vault monster count
 E = Vault monster count
 F = Vault count percentage of total count
                 A         B        C        D         E       F
            +---------+---------+-------+---------+---------+-------
      Total |     111 |      38 |  25.5 |      41 |       2 |   4.7
            +---------+---------+-------+---------+---------+-------
        D:1 |      31 |       2 |   6.1 |      17 |       1 |   5.6
        D:2 |      34 |      36 |  51.4 |      14 |       1 |   6.7
        D:3 |      46 |       0 |   0.0 |      10 |       0 |   0.0
            +---------+---------+-------+---------+---------+-------
